 Dungeon Crawl Stone Soup version 0.21.1-1-g345015f (webtiles) character file.

659 Dioder the Insei (level 7, -4/46 HPs)
             Began as an Octopode Transmuter on Feb 17, 2018.
             Slain by a sky beast (5 damage)
             ... on level 5 of the Dungeon.
             The game lasted 00:11:27 (4839 turns).

Dioder the Insei (Octopode Transmuter)              Turns: 4839, Time: 00:11:28

Health: -4/46      AC:  2    Str:  9    XL:     7   Next: 55%
Magic:  12/12      EV: 21    Int: 21    God:
Gold:   287        SH:  0    Dex: 17    Spells: 5/13 levels left

rFire    . . .     SeeInvis .     - Unarmed
rCold    . . .     Gourm    .   (shield currently unavailable)
rNeg     . . .     Faith    .   (helmet currently unavailable)
rPois    x         Spirit   .   (no amulet)
rElec    .         Reflect  .   e - ring of protection from magic
rCorr    .         Harm     .   d - +3 ring of intelligence
MR       +....                  (no ring)
Stlth    ++........             (no ring)
HPRegen  0.15/turn              (no ring)
MPRegen  0.13/turn              (no ring)
                                (no ring)
                                (no ring)

@: lethally poisoned (-4 -> -6), spider-form (expiring)
A: tiny, almost no armour, stealthy swim, (amphibious), 8 rings, (constrict 8)
a: End Transformation


You were on level 5 of the Dungeon.
You were not hungry.
You were a venomous arachnid creature.
You visited 1 branch of the dungeon, and saw 5 of its levels.

You collected 287 gold pieces.

Inventory:

Missiles
 a - 111 arrows
Jewellery
 d - a +3 ring of intelligence (right front leg)
 e - a ring of protection from magic (left front leg)
Wands
 h - a wand of flame (34)
Scrolls
 f - 5 scrolls of identify
 j - 3 scrolls of amnesia
 k - 2 scrolls of magic mapping
 l - a scroll of blinking
 m - 2 scrolls of remove curse
 n - a scroll of enchant weapon {unknown}
Potions
 g - a potion of degeneration
Books
 b - a book of Changes

   Spells                             Type                      Level
   a - Beastly Appendage              Transmutation                1
   b - Sticks to Snakes               Transmutation                2
   c - Spider Form                    Transmutation/Poison         3
   d - Ice Form                       Ice/Transmutation            4
   e - Blade Hands                    Transmutation                5
 i - a book of Cantrips

   Spells                             Type                      Level
   a - Confusing Touch                Hexes                        1
   b - Animate Skeleton               Necromancy                   1
   c - Summon Small Mammal            Summoning                    1
   d - Apportation                    Translocation                1
Comestibles
 c - 3 rations


   Skills:
 - Level 3.4 Fighting
 - Level 3.1 Dodging
 - Level 0.1 Stealth
 - Level 5.3 Unarmed Combat
 * Level 3.9 Spellcasting
 * Level 3.9 Transmutations
 - Level 0.1 Poison Magic


You had 5 spell levels left.
You knew the following spells:

 Your Spells              Type           Power        Failure   Level  Hunger
b - Spider Form           Tmut/Pois      ##........   34%         3    ###....
c - Blade Hands           Tmut           ###.......   77%         5    ######.


Dungeon Overview and Level Annotations

Branches:
Dungeon (5/15)
 Temple: D:4-7

Altars:
Fedhas
Kikubaaqudgha


Innate Abilities, Weirdness & Mutations

You cannot wear most types of armour.
You are very stealthy in the water. (Stealth+)
((You are amphibious.))
You can wear up to eight rings at the same time.
((You can use your tentacles to constrict eight enemies at once.))
((Your skin changes colour to match your surroundings (Stealth+).))
((Your rubbery body absorbs attacks. (AC +1, EV +1)))


Message History

You feel sick.
Okay, then.
Okay, then.
You feel sick.
You feel sick.
You feel sick.
You feel sick.
A sky beast appears from thin air!
Reactivating autopickup.
You feel sick.
You feel sick.
You feel sick.
Your transformation is almost over.
The sky beast flickers out of sight!
Deactivating autopickup; reactivate with Ctrl-A.
You feel sick. Something hits you.
* * * LOW HITPOINT WARNING * * *
Something shocks you.
You die...

.#.......##...............#
..........#########.#......
#......................####.
#...........#####.###### ##
#.[.........# #.# ###
#...........# #.# #..
#...........## #.# #..
#........#..####.########..
##.........s......).........
##.......(r..##....#######...
#..................#### #).
#[...........#.#.<....# ##.
#.........############### ###
##.........#§§§§§§§.§§§...
$$$
#..#.......#§#############
###
##.##.......#§§§§§§§§..§§..
#......#.##.###############


You could see a quokka.

Vanquished Creatures
  Edmund (D:5)
  Blork the orc (D:4)
  A crimson imp (D:5)
  A bullfrog skeleton (D:4)
  4 hounds
  A quasit (D:5)
  A centaur skeleton (D:5)
  Jessica (D:2)
  An iguana (D:4)
  A worker ant (D:5)
  A hound skeleton (D:4)
  Robin (D:4)
  5 adders
  2 oozes (D:2)
  2 worms
  2 dart slugs (D:2)
  4 leopard geckos
  9 orcs
  9 bats
  2 giant cockroaches
  17 goblins
  5 hobgoblins
  4 quokkas
  2 ball pythons (D:1)
  6 frilled lizards
  3 kobolds
  A quokka zombie (D:5)
  5 rats
93 creatures vanquished.

Notes
Turn   | Place    | Note
-------+----------+-------------------------------------------
     0 | D:1      | Dioder the Octopode Transmuter began the quest for the Orb.
     0 | D:1      | Reached XP level 1. HP: 13/13 MP: 3/3
   123 | D:1      | Reached XP level 2. HP: 17/18 MP: 5/5
   642 | D:2      | Reached XP level 3. HP: 22/23 MP: 6/6
   766 | D:2      | Found an ancient bone altar of Kikubaaqudgha.
   768 | D:2      | Found a blossoming altar of Fedhas.
  1305 | D:2      | Learned a level 3 spell: Spider Form
  1310 | D:2      | Noticed Jessica
  1316 | D:2      | Killed Jessica
  1316 | D:2      | Reached XP level 4. HP: 29/30 MP: 4/7
  1898 | D:3      | Reached skill level 4 in Unarmed Combat
  2274 | D:3      | Reached XP level 5. HP: 35/35 MP: 6/8
  3468 | D:4      | Reached XP level 6. HP: 39/42 MP: 9/9
  3525 | D:4      | Noticed Robin
  3544 | D:4      | Killed Robin
  3765 | D:4      | Noticed Blork the orc
  3784 | D:4      | Killed Blork the orc
  3784 | D:4      | Reached skill level 5 in Unarmed Combat
  4339 | D:5      | Entered Level 5 of the Dungeon
  4341 | D:5      | Noticed Edmund
  4402 | D:5      | Reached XP level 7. HP: 30/46 MP: 8/11
  4412 | D:5      | Learned a level 5 spell: Blade Hands
  4576 | D:5      | Killed Edmund
  4839 | D:5      | HP: 1/46 [something (5)]
  4839 | D:5      | Slain by a sky beast

Skill      XL: |  1  2  3  4  5  6  7 |
---------------+----------------------+-----
Fighting       | 2 3 |  3.4
Unarmed Combat | 4 5 |  5.3
Dodging        | 3 |  3.1
Spellcasting   | 3 |  3.9
Transmutations | 3 |  3.9
Stealth        | |  0.1
Poison Magic   | |  0.1

Action                   |  1- 3 |  4- 6 |  7- 9 || total
-------------------------+-------+-------+-------++-------
Melee: Unarmed           |    77 |   173 |    42 ||   292
       Constrict         |    17 |    16 |     4 ||    37
       Tentacles         |    13 |    10 |     4 ||    27
       Punch             |     2 |     1 |     1 ||     4
 Cast: Spider Form       |     1 |    13 |     3 ||    17
  Use: Potion            |     5 |     5 |       ||    10
       Scroll            |     3 |     4 |     4 ||    11
 Stab: Sleeping          |     7 |     7 |       ||    14
       Distracted        |       |     1 |       ||     1
  Eat: Ration            |     1 |     3 |       ||     4
       Chunk             |       |     2 |       ||     2
Armor: Skin              |     7 |    12 |     3 ||    22
Dodge: Dodged            |    47 |   149 |    29 ||   225
